Map: Dusk Towers

Players

ytguytuig - Winner!

  • Race: Protoss Protoss

LMLelas

  • Race: Zerg Zerg
  • League: Silver

VOD

Have the link to the VOD?

Description

Time

  • Played on: May 4, 2016, 4:04 a.m.
  • Length: 15:21
Show
View Real Time Build Order
Export as new Build Order

ytguytuig Protoss - Winner!

Build Orders:  

Get SALT Encoding   

  12  0:01  Probe (Chrono Boost)  
  13  0:12  Probe (Chrono Boost)  
  14  0:22  Pylon  
  14  0:24  Probe (Chrono Boost)  
  15  0:33  Assimilator  
  15  0:41  Probe (Chrono Boost)  
  16  0:56  Gateway  
  16  1:06  Probe (Chrono Boost)  
  17  1:19  Probe (Chrono Boost)  
  18  1:32  Forge  
  18  1:35  Pylon  
  18  1:48  Cybernetics Core  
  18  1:55  Nexus  
  18  1:58  Probe (Chrono Boost)  
  19  2:26  Twilight Council  
  19  2:27  Warp Gate  
  19  2:33  Probe (Chrono Boost)  
  19  2:34  Assimilator  
  20  2:43  Probe (Chrono Boost)  
  21  2:54  Probe (Chrono Boost)  
  22  3:05  Mothership Core (Chrono Boost)  
  24  3:08  Pylon  
  24  3:15  Pylon  
  24  3:20  Photon Cannon  
  24  3:23  Photon Cannon  
  24  3:32  Photon Cannon  
  24  3:33  Photon Cannon  
  24  3:42  Probe (Chrono Boost)  
  25  3:51  Probe (Chrono Boost)  
  25  3:53  Stalker (Chrono Boost)  
  28  4:04  Pylon  
  28  4:08  Probe  
  28  4:09  Probe  
  30  4:20  Probe  
  31  4:35  Probe  
  31  4:38  Probe  
  33  4:46  Probe  
  33  4:50  Probe  
  35  4:54  Protoss Ground Weapons Level 1  
  35  4:58  Dark Shrine  
  35  5:01  Robotics Facility  
  35  5:06  Gateway  
  35  5:07  Gateway  
  35  5:10  Probe  
  36  5:21  Probe  
  37  5:32  Probe  
  38  5:40  Resonating Glaives (Chrono Boost)  
  38  5:43  Probe  
  38  5:45  Warp Prism  
  39  5:55  Probe  
  42  6:03  Gateway  
  42  6:07  Pylon  
  42  6:13  Assimilator  
  42  6:15  Probe  
  43  6:18  Observer  
  44  6:26  Dark Templar x2  
  44  6:27  Probe, Adept  
  51  6:39  Probe  
  52  6:50  Adept  
  54  7:00  Immortal  
  58  7:10  Nexus  
  58  7:37  Assimilator  
  58  7:39  Probe  
  59  7:51  Probe  
  60  8:03  Probe, Dark Templar x2  
  60  8:04  Dark Templar  
  59  9:00  Dark Templar x2  
  59  9:01  Dark Templar  
  59  9:02  Dark Templar  
  55  9:45  Stalker x2  
  59  9:47  Sentry  
  53  10:45  Probe, Pylon  
  54  10:56  Probe, Pylon  
  54  10:59  Gateway  
  55  11:06  Probe  
  55  11:07  Gateway  
  55  11:09  Gateway  
  56  11:16  Gateway  
  56  11:20  Pylon  
  56  11:24  Dark Templar  
  56  11:25  Pylon, Dark Templar  
  60  11:28  Dark Templar  
  60  11:29  Dark Templar  
  64  12:05  Stalker  
  64  12:06  Stalker, Warp Prism  
  70  12:32  Stalker  
  70  12:33  Stalker x2  
  70  12:35  Stalker x2  
  70  12:36  Stalker  
  80  12:56  Dark Templar x2  
  80  12:57  Dark Templar  
  76  13:18  Stalker  
  76  13:19  Stalker x2  
  80  13:20  Stalker  
  82  14:22  Dark Templar  
  82  14:23  Dark Templar  
  86  14:24  Dark Templar  
  86  14:25  Dark Templar x2  
  90  14:41  Dark Templar  
  90  14:42  Dark Templar x2  
Show
View Real Time Build Order
Export as new Build Order

LMLelas Zerg 

Build Orders: Hatch First 

Get SALT Encoding   

  12  0:01  Drone  
  13  0:08  Drone  
  14  0:17  Overlord  
  14  0:23  Drone, Extractor  
  15  0:36  Drone  
  15  0:38  Drone  
  17  0:59  Drone x2  
  17  1:01  Hatchery  
  18  1:08  Drone  
  19  1:22  Spawning Pool  
  19  1:23  Overlord  
  18  1:27  Extractor  
  18  1:28  Drone  
  18  1:51  Drone x2  
  20  2:02  Overlord  
  20  2:09  Queen  
  22  2:19  Queen  
  22  2:21  Drone x2  
  26  2:36  Metabolic Boost  
  26  2:38  Roach Warren  
  25  2:45  Queen  
  27  2:58  Drone x6  
  33  3:19  Hatchery  
  32  3:24  Evolution Chamber  
  32  3:25  Lair  
  31  4:23  Roach  
  35  4:24  Roach x5  
  35  4:25  Overlord  
  43  4:37  Extractor  
  42  4:39  Glial Reconstitution  
  42  4:51  Drone x8  
  50  4:56  Extractor  
  50  4:57  Extractor  
  48  5:11  Zerg Missile Weapons Level 1  
  48  5:15  Overlord, Drone x2  
  48  5:16  Overlord x2  
  50  5:40  Overseer  
  50  5:46  Roach x10  
  50  5:47  Overlord x2  
  50  5:48  Overlord  
  70  5:57  Infestation Pit  
  70  6:01  Drone  
  70  6:02  Drone x4  
  70  6:04  Overlord  
  74  6:47  Ravager x2  
  74  6:48  Ravager x5  
  81  6:56  Roach  
  81  6:57  Roach x5  
  90  7:22  Burrow  
  90  7:28  Zerg Missile Weapons Level 2  
  90  7:36  Hydralisk Den  
  61  8:32  Drone x4  
  61  8:33  Drone x4  
  61  8:34  Drone x25  
  83  8:49  Spore Crawler  
  77  8:55  Drone x2  
  36  9:17  Overseer  
  35  9:38  Roach  
  35  9:39  Roach x2  
  8  13:51  Roach  
Tags
 
Add a new tag
Caveats
  • Supply blocks, unpowered buildings, or Contaminate may cause inaccurate times.
  • Supply counts are checked every 10 seconds.